 Dungeon Crawl Stone Soup version 0.30-b1-2-g02819fbbbe (webtiles) character file.

Game seed: 11421509358943587717

65 Alarkh the Shooter (level 3, -1/27 HPs)
             Began as a Demonspawn Hunter on July 7, 2023.
             Constricted to death by Ijyb (5 damage)
             ... on level 3 of the Dungeon.
             The game lasted 00:01:16 (1085 turns).

Alarkh the Shooter (Demonspawn Hunter)              Turns: 1085, Time: 00:01:16

Health: -1/27      AC:  5    Str: 11    XL:     3   Next: 94%
Magic:  3/3        EV:  8    Int: 12    God:
Gold:   23         SH:  0    Dex: 16    Spells: 2/2 levels left

rFire   . . .        a - +0 shortbow
rCold   . . .        (shield currently unavailable)
rNeg    . . .        c - +0 leather armour
rPois   .            (no helmet)
rElec   .            (no cloak)
rCorr   .            (no gloves)
SInv    .            (no boots)
Will    .....        (no amulet)
Stlth   +            (no ring)
HPRegen 0.24/turn    (no ring)
MPRegen 0.08/turn

%: no passive effects
@: grasped by roots, constricted
A: yellow scales 1, powered by pain 1
a: no special abilities


You were on level 3 of the Dungeon.
You visited 1 branch of the dungeon, and saw 3 of its levels.

You collected 23 gold pieces.

Inventory:

Hand Weapons
 a - a +0 shortbow (weapon)
Armour
 c - a +0 leather armour (worn)
Jewellery
 k - a ring of ice
Wands
 j - a wand of paralysis (4)
Scrolls
 b - a scroll of immolation
 d - a scroll of enchant armour {unknown}
 g - a scroll of torment {unknown}
 h - a scroll of identify {unknown}
 i - 2 scrolls of amnesia {unknown}
 m - a scroll of teleportation {unknown}
Potions
 e - 2 potions of curing {unknown}
 f - a potion of might {unknown}
 l - a potion of flight {unknown}
 n - a potion of brilliance {unknown}


   Skills:
 - Level 2.0 Fighting
 + Level 5.1 Ranged Weapons
 - Level 1.7 Dodging
 - Level 0.8 Stealth


You had 2 spell levels left.
You didn't know any spells.
Your spell library contained the following spells:

 Spells                   Type           Power      Damage    Failure   Level
 Ignite Poison            Fire/Tmut/Pois 0%         N/A       78%         3
 Vhi's Electric Charge    Tloc/Air       0%         N/A       78%         3
 Sticky Flame             Conj/Fire      0%         2d3       99%         4
 Arcjolt                  Conj/Air       0%         1d10      100%        5
 Ignition                 Fire           0%         3d3       100%        8
 Maxwell's Capacitive Co  Air            0%         ∞         100%        8


Dungeon Overview and Level Annotations

Branches:
Dungeon (3/15)

Altars:

Annotations:
D:3 Ijyb


Innate Abilities, Weirdness & Mutations

You are partially covered in yellow scales. (AC +2)
You sometimes gain a little power by taking damage.


Message History

No target in view!
No target in view!
No target in view!
HP restored.
n - a golden potion Ijyb the Twisted Goblin comes into view.
She is wielding a +0 club and carrying a wand of roots (7).
You see here a giant cockroach corpse.
Ijyb is nearby!
Ijyb is nearby!
You shoot an arrow. The arrow hits Ijyb.
Ijyb shouts!
Ijyb is moderately wounded.
You shoot an arrow. The arrow hits Ijyb but does no damage.
Ijyb is moderately wounded.
Ijyb zaps a wand.
The roots erupt in riotous growth!
The grasping roots grab you! The grasping roots constrict you.
You hear an angry hiss.
You shoot an arrow. The arrow barely misses Ijyb.
The grasping roots constrict you.
An endoplasm comes into view.
You shoot an arrow. The arrow closely misses Ijyb.
The endoplasm quivers.
The grasping roots constrict you. x2
* * * LOW HITPOINT WARNING * * *
The grasping roots release their grip on you.
An adder comes into view.
The adder moves out of view.
Ijyb screams, "Me kill you!"
Ijyb zaps a wand.
The roots erupt in riotous growth!
The grasping roots grab you! The grasping roots constrict you.
* * * LOW HITPOINT WARNING * * *
You hear an angry hiss.
You hear a shout! x3; You hear an angry hiss.
You hear a shout! x2
You escape the roots grasp.
Ijyb zaps a wand.
The roots erupt in riotous growth!
The grasping roots grab you! The grasping roots constrict you.
You die...

........##g......
#######..#......#
#..#......#.# . ##.g##
.###..
...#.†..######.#.. .
............†..... ..
...........####.###...
...).#.#......#........
######.#.##..@.S.......
#.#.##....<....#.
#.#..#....##......
#....##... .#...
#....####.. # #. #....#
..# #....# .# #... ..


You could see Ijyb and an adder.

Vanquished Creatures
  2 worms (D:2)
  2 dart slugs (D:2)
  3 endoplasms
  3 giant cockroaches
  5 goblins
  6 hobgoblins
  6 jackals (D:2)
  6 kobolds
  2 quokkas (D:2)
  2 ball pythons
  5 bats
  2 frilled lizards (D:2)
  3 rats
47 creatures vanquished.

Notes
Turn   | Place    | Note
-------+----------+-------------------------------------------
     0 | D:1      | Alarkh the Demonspawn Hunter began the quest for the Orb.
     0 | D:1      | Reached XP level 1. HP: 16/16 MP: 1/1
   161 | D:1      | Reached skill level 4 in Ranged Weapons
   170 | D:1      | Gained mutation: You are partially covered in yellow
                  | scales. (AC +2) [demonic ancestry]
   170 | D:1      | Reached XP level 2. HP: 22/22 MP: 2/2
   294 | D:1      | You fall into a shaft and drop 1 floor!
   468 | D:2      | Gained mutation: You sometimes gain a little power by
                  | taking damage. [demonic ancestry]
   468 | D:2      | Reached XP level 3. HP: 27/27 MP: 3/3
   872 | D:2      | Reached skill level 5 in Ranged Weapons
  1076 | D:3      | Noticed Ijyb
  1085 | D:3      | Constricted to death by Ijyb

Illustrated notes

Levels and vault maps discovered:
D:1:      dpeg_arrival_round_a, layout_loops_ring
D:2:      minmay_wonky_spiral, layout_loops_cross
D:3:      layout_rooms, uniq_ijyb

Skill      XL: |  1  2  3 |
---------------+----------+-----
Ranged Weapons | 4 5 |  5.1
Fighting       | |  2.0
Dodging        | |  1.7
Stealth        | |  0.8

Action                     || total
---------------------------++-------
   Fire: Shortbow          ||   125
 Armour: Leather armour    ||    18
  Dodge: Dodged            ||    31
